 Dungeon Sprint DCSS version 0.19.0-24-gb05acd6 (webtiles) character file.

6386 equalderp2856 the Imperceptible (level 10, 0/49 HPs)
             Began as a Felid Fighter on Nov 21, 2016.
             Hit by a large rock thrown by a cyclops (25 damage)
             ... summoned by a fire giant
             ... in the Dungeon (Sprint I: "Red Sonja").
             The game lasted 00:31:55 (5463 turns).

equalderp2856 the Imperceptible (Felid Fighter)     Turns: 5463, Time: 00:31:55

Health: 0/49       AC:  2    Str: 13    XL:     10   Next: 66%
Magic:  17/17      EV: 36    Int: 11    God:
Gold:   2441       SH:  0    Dex: 22    Spells: 3 memorised, 13 levels left
                                        Lives:  0   Deaths: 3

rFire  . . .     SeeInvis +       - Unarmed
rCold  . . .     Gourm    .     (armour unavailable)
rNeg   . . .     Faith    .     (shield unavailable)
rPois  .         Spirit   .     (helmet unavailable)
rElec  .         Reflect  .     (cloak unavailable)
rCorr  .         Harm     .     (gloves unavailable)
MR     +....     NoTele   +     (boots unavailable)
Stlth  +++++++++.               (no amulet)
                                (no ring)
                                (no ring)

@: agile, quick
A: no armour, no weapons or thrown items, stealth, claws 1, fangs 3, see
invisible, carnivore 3, speed 1, shaggy fur 2, slow metabolism 1, sharp paws
a: no special abilities


You were in the Dungeon.
You were not hungry.

You visited 1 branch You collected 3351 gold pieces.
You spent 910 gold pieces at shops.

Inventory:

Hand Weapons
 q - a +0 war axe
Missiles
 e - 34 arrows
Armour
 r - a +0 leather armour
Wands
 i - a wand of digging (3/24)
Scrolls
 h - a scroll of blinking
 l - 2 scrolls of remove curse {unknown}
 m - 2 scrolls of identify {unknown}
Potions
 a - a potion of might
 c - 2 potions of curing
 d - a potion of brilliance {unknown}
 f - 2 potions of magic
 g - a potion of degeneration
 k - a potion of flight {unknown}
 u - a potion of haste
Books
 n - a book of Cantrips

   Spells                             Type                      Level
   a - Confusing Touch                Hexes                        1
   b - Animate Skeleton               Necromancy                   1
   c - Summon Small Mammal            Summoning                    1
   d - Apportation                    Translocation                1
 o - a book of Minor Magic

   Spells                             Type                      Level
   a - Magic Dart                     Conjuration                  1
   b - Blink                          Translocation                2
   c - Call Imp                       Summoning                    2
   d - Repel Missiles                 Charms/Air                   2
   e - Slow                           Hexes                        2
   f - Conjure Flame                  Conjuration/Fire             3
   g - Mephitic Cloud                 Conjuration/Poison/Air       3
Comestibles
 b - 2 meat rations
 j - a beef jerky
 p - a bread ration


   Skills:
 + Level 9.5 Fighting
 + Level 12.9 Dodging
 * Level 23.6 Stealth
 + Level 18.2 Unarmed Combat
 + Level 4.1 Spellcasting
 + Level 2.0 Hexes
 + Level 3.0 Necromancy
 + Level 2.2 Evocations


You had 13 spell levels left.
You knew the following spells:

 Your Spells              Type           Power        Failure   Level  Hunger
a - Confusing Touch       Hex            #.....       12%         1    #......
b - Animate Skeleton      Necr           N/A          10%         1    #......
c - Blink                 Tloc           N/A          34%         2    ##.....


Dungeon Overview and Level Annotations

Branches:
Dungeon (1/1)

Altars:
Cheibriados
Dithmenos
Elyvilon
Fedhas
Gozag
Hepliaklqana
Kikubaaqudgha
Makhleb
Nemelex Xobeh
Okawaru
Qazlal
Ru
Sif Muna
Trog
Uskayaw
Vehumet
Xom
Yredelemnul
Zin
The Shining One
Jiyva
Lugonu

Shops:
D *}?[[%}([!*:(*[[*


Innate Abilities, Weirdness & Mutations

You cannot wear armour.
You are incapable of wielding weapons or throwing items.
Your paws allow you to move quietly. (Stealth)
You have sharp claws.
You have razor-sharp teeth.
You have supernaturally acute eyesight. (SInv)
You are carnivorous and can eat meat at any time.
You cover ground quickly.
You are covered in thick fur. (AC +2)
You have a slow metabolism.
Your sharp claws are effective at attacking unaware monsters.


Message History

The fire giant is moderately wounded.
The fire giant hits you with a rod of shadows.
* * * LOW HITPOINT WARNING * * *
You claw the fire giant!
You claw the fire giant, but do no damage.
The fire giant is heavily wounded.
The fire giant gestures at you while chanting.
The bolt of fire misses you.
You feel much better. The fire giant misses you.
The cyclops throws a large rock.
The large rock hits you!
The large rock dissolves into shadows!
The fire giant barely misses you.
You feel agile all of a sudden.
The fire giant hits you with a rod of shadows.
The fire giant completely misses you.
You barely miss the fire giant.
The fire giant is heavily wounded.
The fire giant completely misses you.
The cyclops throws a large rock.
The large rock hits you!!
Ouch! That really hurt!
You die...

#################################
.#.)'..#__#..')C.#((#§§§§§§§§§§.'
)'..#..'..'..#C.@##'#§####§§§§.##
'#####'#__####...'§§#.#.###§§§###
.#...#.####§.#####§§'.#'#.###'#)$
##..##)#§§§§.#.§##'####^..#.#†##$
_##'#..'§§§§.'.§#.^.§.#...#.#..##
..'..._#≈≈≈§§#§§#..§§§'.....##.#A
_##_.#'##'#####'###.)§#^....#.C##
_###'#.#.[§.###.'.#.§.###++##Q##.
####)####'###[###.#(.###.§###..#c


You could see a fire giant and a cyclops.

Vanquished Creatures
  A lorocyproca (D)
  A hydra (D)
  2 centaur warriors (D)
  Sonja (D)
  7 unseen horrors (D)
  A deep troll (D)
  A lindwurm (D)
  An oklob plant (D)
  A gargoyle (D)
  2 kobold demonologists (D)
  4 demonic crawlers (D)
  A meliai (D)
  A hornet (D)
  A slime creature (D)
  Sigmund (D)
  2 redbacks (D)
  A yak (D)
  13 hogs (D)
  3 floating eyes (D)
  7 necrophages (D)
  An ogre (D)
  8 jellies (D)
  Ijyb (D)
  2 ballistomycetes (D)
64 creatures vanquished.

Vanquished Creatures (others)
  A gargoyle (D)
  3 hornets (D)
  2 ballistomycete spores (D)
6 creatures vanquished.

Grand Total: 70 creatures vanquished

Notes
Turn   | Place    | Note
-------+----------+-------------------------------------------
     0 | D        | equalderp2856 the Felid Fighter began the quest for the Orb.
     0 | D        | Reached XP level 1. HP: 10/10 MP: 2/2
     2 | D        | Noticed Ijyb
    12 | D        | Killed Ijyb
    12 | D        | Reached skill level 5 in Dodging
    12 | D        | Reached skill level 3 in Stealth
    12 | D        | Reached skill level 5 in Unarmed Combat
    12 | D        | Reached XP level 2. HP: 11/14 MP: 3/3
    72 | D        | Noticed an ogre
    76 | D        | Killed an ogre
    76 | D        | Reached skill level 5 in Stealth
    76 | D        | Reached XP level 3. HP: 5/18 MP: 4/4
    76 | D        | Reached XP level 4. HP: 6/22 MP: 5/5
   309 | D        | Noticed Sigmund
   314 | D        | Killed Sigmund
   314 | D        | Reached skill level 8 in Stealth
   314 | D        | Reached XP level 5. HP: 18/27 MP: 6/6
   314 | D        | Gained mutation: You are covered in thick fur. (AC +2) [Felid growth]
   314 | D        | Reached XP level 6. HP: 21/31 MP: 7/7
   423 | D        | Found a deep blue altar of Sif Muna.
   428 | D        | Found a radiant altar of Vehumet.
   440 | D        | Found a burning altar of Makhleb.
   440 | D        | Found a viscous altar of Jiyva.
   440 | D        | Found a shimmering altar of Xom.
   440 | D        | Found a corrupted altar of Lugonu.
   440 | D        | Noticed a slime creature
   752 | D        | Killed a slime creature
   752 | D        | Reached skill level 10 in Stealth
   752 | D        | Reached skill level 10 in Unarmed Combat
   914 | D        | Found Xoirchyvi's Gadget Emporium.
   914 | D        | Found an ancient bone altar of Kikubaaqudgha.
   914 | D        | Found a hazy altar of Hepliaklqana.
   914 | D        | Found a stormy altar of Qazlal.
   914 | D        | Found a hide-covered altar of Uskayaw.
   914 | D        | Found a blossoming altar of Fedhas.
   914 | D        | Found a bloodstained altar of Trog.
   914 | D        | Found an iron altar of Okawaru.
   914 | D        | Found a basalt altar of Yredelemnul.
   914 | D        | Found a glowing golden altar of the Shining One.
   914 | D        | Found a snail-covered altar of Cheibriados.
   914 | D        | Found a sacrificial altar of Ru.
   914 | D        | Found a glowing silver altar of Zin.
   914 | D        | Found a shadowy altar of Dithmenos.
   914 | D        | Found a white marble altar of Elyvilon.
   914 | D        | Noticed a yak
   915 | D        | Found an opulent altar of Gozag.
   916 | D        | Killed a yak
   916 | D        | Reached skill level 11 in Stealth
   916 | D        | Reached XP level 7. HP: 35/35 MP: 8/8
   917 | D        | Found a sparkling altar of Nemelex Xobeh.
   952 | D        | Noticed a kobold demonologist
   953 | D        | Noticed a kobold demonologist
   964 | D        | Noticed a rust devil
   966 | D        | Noticed a chaos spawn
   967 | D        | Killed a kobold demonologist
   967 | D        | Reached skill level 12 in Stealth
   981 | D        | Killed a kobold demonologist
   981 | D        | Reached skill level 13 in Stealth
   981 | D        | Reached XP level 8. HP: 18/40 MP: 9/9
  1178 | D        | Noticed a centaur warrior
  1182 | D        | Noticed a deep troll
  1184 | D        | Killed a deep troll
  1184 | D        | Reached skill level 14 in Stealth
  1196 | D        | Found Ifui's Armour Emporium.
  1208 | D        | Noticed Sonja
  1211 | D        | Killed Sonja
  1211 | D        | Reached skill level 10 in Dodging
  1211 | D        | Reached skill level 15 in Stealth
  1211 | D        | Reached XP level 9. HP: 44/44 MP: 10/10
  1268 | D        | Found Tisoq's Assorted Antiques.
  1276 | D        | Bought a potion of curing for 78 gold pieces
  1325 | D        | Noticed a centaur warrior
  1331 | D        | Shot with an arrow by a centaur warrior
  1332 | D        | Reached XP level 8. HP: -8/40 MP: 9/9
  1352 | D        | Slain by a centaur warrior
  1353 | D        | Reached XP level 7. HP: 0/37 MP: 8/8
  1361 | D        | Killed a centaur warrior
  1361 | D        | Reached skill level 17 in Stealth
  1361 | D        | Reached XP level 8. HP: 25/41 MP: 9/9
  1366 | D        | Killed a centaur warrior
  1366 | D        | Reached skill level 15 in Unarmed Combat
  1556 | D        | Noticed a hornet
  1559 | D        | Killed a hornet
  1559 | D        | Reached skill level 18 in Stealth
  1559 | D        | Reached XP level 9. HP: 45/45 MP: 10/10
  1572 | D        | Noticed an oklob plant
  1574 | D        | Killed an oklob plant
  1587 | D        | Reached skill level 19 in Stealth
  1603 | D        | Noticed an unseen horror
  1605 | D        | Noticed an unseen horror
  1627 | D        | Killed an unseen horror
  1902 | D        | Killed an unseen horror
  1915 | D        | Reached skill level 20 in Stealth
  1915 | D        | Reached XP level 10. HP: 49/49 MP: 11/11
  2049 | D        | Found Tuaripnuo's Armour Shoppe.
  2049 | D        | Found Neghiuwa's Magic Scroll Shop.
  2049 | D        | Found Lowerche's Armour Boutique.
  2051 | D        | Found Azxe's Food Emporium.
  2051 | D        | Found Okigeo's Gadget Shop.
  2051 | D        | Found Beochyum's Antique Weapon Shoppe.
  2051 | D        | Found Qufat's Antique Armour Boutique.
  2051 | D        | Found Wioblik's Distillery.
  2051 | D        | Found Taruepea's General Store.
  2051 | D        | Found Gipuadd's Book Shoppe.
  2053 | D        | Found Ecall's Antique Weapon Boutique.
  2054 | D        | Found Jarevul's Antique Armour Emporium.
  2054 | D        | Found Gopoetoch's General Store.
  2055 | D        | Found Lose's General Store.
  2086 | D        | Bought a potion of degeneration for 14 gold pieces
  2096 | D        | Bought a book of Cantrips for 220 gold pieces
  2096 | D        | Bought a book of Minor Magic for 220 gold pieces
  2101 | D        | Learned a level 1 spell: Confusing Touch
  2103 | D        | Learned a level 1 spell: Animate Skeleton
  2106 | D        | Learned a level 2 spell: Blink
  2557 | D        | Reached skill level 21 in Stealth
  2871 | D        | Noticed a gargoyle
  2883 | D        | Noticed a lindwurm
  2892 | D        | Killed a lindwurm
  3012 | D        | Reached skill level 22 in Stealth
  3340 | D        | Reached XP level 11. HP: 47/53 MP: 8/12
  3379 | D        | Noticed a 12-headed hydra
  3382 | D        | Paralysed by a floating eye for 3 turns
  3390 | D        | Reached skill level 1 in Spellcasting
  3821 | D        | Noticed a daeva
  3891 | D        | Noticed a lorocyproca
  3929 | D        | Killed a lorocyproca
  3929 | D        | Reached skill level 1 in Hexes
  3929 | D        | Reached skill level 1 in Necromancy
  4547 | D        | Killed a 12-headed hydra
  4547 | D        | Reached skill level 23 in Stealth
  4849 | D        | Bought a potion of agility for 56 gold pieces
  4849 | D        | Bought a potion of heal wounds for 70 gold pieces
  4849 | D        | Bought a potion of haste for 140 gold pieces
  4849 | D        | Bought a potion of heal wounds for 70 gold pieces
  4855 | D        | Bought a potion of curing for 42 gold pieces
  4991 | D        | Noticed an unseen horror
  4991 | D        | Noticed an unseen horror
  4991 | D        | Noticed an unseen horror
  4991 | D        | Noticed an unseen horror
  4993 | D        | Killed an unseen horror
  4993 | D        | Reached skill level 1 in Evocations
  4995 | D        | Noticed an unseen horror
  4996 | D        | Killed an unseen horror
  5000 | D        | Killed an unseen horror
  5010 | D        | Killed an unseen horror
  5022 | D        | Killed an unseen horror
  5241 | D        | Noticed a fire giant
  5244 | D        | Noticed a fire giant
  5245 | D        | Noticed a fire giant
  5300 | D        | Noticed a deep elf annihilator
  5335 | D        | Noticed a green ugly thing
  5335 | D        | Noticed a centaur warrior
  5335 | D        | Noticed a tengu warrior
  5341 | D        | Killed from afar by a fire giant
  5342 | D        | Reached XP level 10. HP: -32/49 MP: 17/17
  5458 | D        | Noticed a cyclops
  5463 | D        | Hit by a large rock thrown by a cyclops

Skill      XL: |  1  2  3  4  5  6  7  8  9 10 11 |
---------------+----------------------------------+-----
Dodging        | 5 6 7 8 9 10 11 12 | 12.9
Stealth        | 3 5 8 11 17 18 20 22 23 | 23.6
Unarmed Combat | 5 7 9 11 12 15 17 18 | 18.2
Fighting       | 4 6 7 8 9 |  9.5
Spellcasting   | 4 |  4.1
Hexes          | 2 |  2.0
Necromancy     | 3 |  3.0
Evocations     | 2 |  2.2

Action                   |  1- 3 |  4- 6 |  7- 9 | 10-12 || total
-------------------------+-------+-------+-------+-------++-------
Melee: Unarmed           |    10 |    15 |    58 |   139 ||   222
       Bite              |     2 |     1 |     7 |    15 ||    25
       Punch             |       |     1 |     4 |    17 ||    22
 Cast: Animate Skeleton  |       |       |       |     7 ||     7
       Blink             |       |       |       |     1 ||     1
       Confusing Touch   |       |       |       |     1 ||     1
Evoke: Wand              |       |       |       |     5 ||     5
  Use: Potion            |       |       |     2 |     8 ||    10
 Stab: Sleeping          |     2 |     3 |     8 |     5 ||    18
       Distracted        |       |     1 |       |     4 ||     5
       Confused          |       |       |       |     2 ||     2
  Eat: Chunk             |       |       |     2 |     7 ||     9
Armor: Skin              |       |       |     2 |     5 ||     7
Dodge: Dodged            |     5 |     6 |    51 |   153 ||   215
